 Dungeon Crawl Stone Soup version 0.28-a0-461-g2dc4ca5097 (webtiles) character file.

Game seed: 1600974149981163309

3089 lunkers the Thaumaturge (level 10, -4/76 HPs)
             Began as a Djinni Air Elementalist on Sept 13, 2021.
             Was a Follower of Ashenzari.
             Slain by a seven-headed hydra (14 damage)
             ... on level 7 of the Dungeon.
             The game lasted 00:11:56 (10329 turns).

lunkers the Thaumaturge (Djinni Air Elementalist)  Turns: 10329, Time: 00:11:56

Health: -4/76      AC:  2    Str:  7    XL:     10   Next: 13%
Gold:   258        EV: 13    Int: 20    God:    Ashenzari [*.....] SH:  0 Dex: 14

rFire   + + .      SeeInvis +   (no weapon)
rCold   . . .      Faith    .   (no shield)
rNeg    . . .      Spirit   .   a - +0 robe "Fetters of Ashenzari" {Cun, Melee} (curse)
rPois   ∞          Reflect  .   (no helmet)
rElec   .          Harm     .   (no cloak)
rCorr   .          Rampage  .   (no gloves)
Will    +....                   (boots unavailable)
Stlth   ++........              (no amulet)
HPRegen 0.22/turn               g - ring "Zuaqewn" {rPois rC+}
MPRegen 0.00/turn               e - ring "Chained Urgency" {SInv, Melee, Range} (curse)

@: flying
A: sickness immunity, fire resistance 2, cold vulnerability 1, float, innate
caster, hp casting, extra vitality 1
a: Renounce Religion, Curse Item, Shatter the Chains


You were on level 7 of the Dungeon.
You worshipped Ashenzari.
Ashenzari was aware of your devotion.
You visited 2 branches of the dungeon, and saw 8 of its levels.

You collected 258 gold pieces.

Inventory:

Armour
 a - the cursed +0 robe "Fetters of Ashenzari" (worn) {Cun, Melee}

   It has a curse which improves the following skills: Cunning: Dodging and
   Stealth.
   Melee Combat: Short Blades, Long Blades, Axes, Maces & Flails, Polearms,
   Staves and Unarmed Combat.
Jewellery
 e - the cursed ring "Chained Urgency" (right hand) {SInv, Melee, Range}
   (You found it on level 1 of the Dungeon)

   [ring of see invisible]

   SInv:      It lets you see invisible.
   It has a curse which improves the following skills: Melee Combat: Short
   Blades, Long Blades, Axes, Maces & Flails, Polearms, Staves and Unarmed
   Combat.
   Ranged Combat: Slings, Bows, Crossbows and Throwing.
 g - the ring "Zuaqewn" (left hand) {rPois rC+}
   (You found it on level 4 of the Dungeon)

   [ring of poison resistance]

   rC:        It protects you from cold.
   rPois:     It protects you from poison.
Scrolls
 f - 2 scrolls of teleportation
 h - a scroll of torment
 i - 2 scrolls of magic mapping
Potions
 b - 4 potions of curing
 c - 4 potions of heal wounds
 d - 4 potions of lignification
 j - a potion of cancellation
 k - a potion of invisibility
 l - a potion of haste


   Skills:
 + Level 7.7 Fighting
 - Level 2.1(3.0) Dodging
 - Level 1.5(2.3) Stealth
 * Level 8.9 Spellcasting


You had 7 spell levels left.
You knew the following spells:

 Your Spells              Type           Power      Damage    Failure   Level
a - Airstrike             Air            22%        N/A       1%          4
b - Static Discharge      Conj/Air       44%        N/A       1%          2
c - Swiftness             Air            44%        N/A       1%          3
d - Shock                 Conj/Air       100%       1d9       1%          1
e - Pain                  Necr           100%       1d9       1%          1
f - Searing Ray           Conj           88%        2d7       1%          2
g - Vampiric Draining     Necr           22%        2d9       1%          3
h - Teleport Other        Tloc           44%        N/A       1%          3
Your spell library was empty.

Dungeon Overview and Level Annotations

Branches:
Dungeon (7/15)             Temple (1/1) D:4

Altars:
Ashenzari
Cheibriados
Dithmenos
Elyvilon
Fedhas
Gozag
Hepliaklqana
Kikubaaqudgha
Makhleb
Nemelex Xobeh
Okawaru
Qazlal
Ru
Sif Muna
Trog
Uskayaw
Vehumet
Wu Jian
Xom
Yredelemnul
Zin
The Shining One

Shops:
D:6 *

Annotations:
D:6 2 transporters, 3 runed translucent doors, mhtbhm's ghost, novice DrCA


Innate Abilities, Weirdness & Mutations

You are immune to sickness and miasma.
You are immune to poison.
Your flesh is very heat resistant. (rF++)
You are vulnerable to cold. (rC-)
You float through the air rather than walking.
You learn spells naturally, not from books.
Your magical power is your life essence.
You have superior vitality. (+4 HP)


Message History

Press: ? - help, Dir - move target, f - seven-headed hydra
Aim: a seven-headed hydra (empty space bonus: 6/8)
The air twists around and strikes the seven-headed hydra!
The seven-headed hydra is moderately wounded.
* * * LOW HITPOINT WARNING * * *
Casting: Airstrike (dangerous; 1% risk of failure)
Confirm with . or Enter, or press ? or * to list all spells.
Aiming: Airstrike (dangerous; 1% risk of failure)
Press: ? - help, Dir - move target, f/p - seven-headed hydra
Aim: a seven-headed hydra (moderately wounded, empty space bonus: 8/8)
The air twists around and strikes the seven-headed hydra!
The seven-headed hydra is heavily wounded.
* * * LOW HITPOINT WARNING * * *
Unknown command.
Casting: Airstrike (dangerous; 1% risk of failure)
Confirm with . or Enter, or press ? or * to list all spells.
Aiming: Airstrike (dangerous; 1% risk of failure)
Press: ? - help, Dir - move target, f/p - seven-headed hydra
Aim: a seven-headed hydra (heavily wounded, empty space bonus: 8/8)
The air twists around and strikes the seven-headed hydra!
The seven-headed hydra is severely wounded.
* * * LOW HITPOINT WARNING * * *
Unknown command.
Casting: Airstrike (dangerous; 1% risk of failure)
Confirm with . or Enter, or press ? or * to list all spells.
Aiming: Airstrike (dangerous; 1% risk of failure)
Press: ? - help, Dir - move target, f/p - seven-headed hydra
Aim: a seven-headed hydra (severely wounded, empty space bonus: 7/8)
The air twists around and strikes the seven-headed hydra!
The seven-headed hydra is almost dead.
* * * LOW HITPOINT WARNING * * *
The seven-headed hydra closely misses you.
The seven-headed hydra bites you!
* * * LOW HITPOINT WARNING * * *
The seven-headed hydra bites you but does no damage.
The seven-headed hydra closely misses you.
The seven-headed hydra bites you!
* * * LOW HITPOINT WARNING * * *
The seven-headed hydra bites you!
You die...

##....###.# #...####.#
#..#......#####.#####.
#>........##...........
#.........##)##.##.##.#
#...?.....)).##.# #
#.#.............##
#...................
####.#...........###
##.#....@......#§#
#..#....D......###
#.#####........... #.#
#.......#### #.#
#.......# #.# ##.#....#
#.# ##.#.#.###
#.#######.......#
#......#......#.#


You could see a seven-headed hydra.

Vanquished Creatures
  A cyclops (D:7)
  Grinder (D:3)
  A wyvern (D:6)
  A wraith (D:5)
  A steam dragon (D:7)
  Menkaure (D:6)
  2 water moccasins
  A black bear (D:5)
  An orc warrior (D:6)
  A necrophage (D:5)
  4 ogres
  2 centaurs
  4 bullfrogs
  A gnoll sergeant (D:6)
  A scorpion (D:5)
  2 water moccasin skeletons (D:4)
  3 wights (D:7)
  A hound (D:5)
  5 iguanas
  Natasha (twice) (D:2)
  An orc wizard (D:6)
  A killer bee zombie (D:5)
  A hound skeleton (D:4)
  3 gnolls (D:6)
  6 adders
  An adder skeleton (D:5)
  3 dart slugs (D:3)
  7 orcs
  6 bats
  6 endoplasms
  2 giant cockroaches
  10 goblins
  5 hobgoblins
  4 jackals
  6 quokkas
  7 ball pythons
  3 frilled lizards
  3 kobolds
  7 rats
118 creatures vanquished.

Vanquished Creatures (others)
  2 fungi (D:6)
  3 plants
5 creatures vanquished.

Grand Total: 123 creatures vanquished

Notes
Turn   | Place    | Note
-------+----------+-------------------------------------------
     0 | D:1      | lunkers the Djinni Air Elementalist began the quest for the
                  | Orb.
     0 | D:1      | Reached XP level 1. HP: 15/15 MP: 0/0
   274 | D:1      | Reached XP level 2. HP: 20/22 MP: 0/0
   522 | D:1      | Reached skill level 1 in Fighting
   716 | D:1      | Reached XP level 3. HP: 24/27 MP: 0/0
   716 | D:1      | Learned a level 1 spell: Pain
   783 | D:1      | Reached skill level 3 in Spellcasting
  1654 | D:2      | Noticed Natasha
  1660 | D:2      | Killed Natasha
  1661 | D:2      | Reached XP level 4. HP: 22/33 MP: 0/0
  2106 | D:2      | Noticed Natasha
  2113 | D:2      | Killed Natasha
  2411 | D:3      | Reached XP level 5. HP: 24/38 MP: 0/0
  2411 | D:3      | Learned a level 2 spell: Searing Ray
  3466 | D:3      | Noticed Grinder
  3474 | D:3      | Killed Grinder
  3475 | D:3      | Reached skill level 4 in Spellcasting
  3475 | D:3      | Reached XP level 6. HP: 3/46 MP: 0/0
  4090 | D:4      | Identified the ring "Zuaqewn" {rPois rC+}
  4107 | D:4      | Reached XP level 7. HP: 22/50 MP: 0/0
  4107 | D:4      | Learned a level 3 spell: Vampiric Draining
  4295 | D:4      | Found a staircase to the Ecumenical Temple.
  4310 | D:4      | Reached skill level 5 in Spellcasting
  4413 | Temple   | Entered the Ecumenical Temple
  4907 | Temple   | Became a worshipper of Ashenzari the Shackled
  4988 | D:4      | Found a white marble altar of Elyvilon.
  5813 | D:5      | Entered Level 5 of the Dungeon
  5844 | D:5      | Reached XP level 8. HP: 17/58 MP: 0/0
  6138 | D:5      | Reached skill level 6 in Spellcasting
  6255 | D:5      | Reached skill level 5 in Fighting
  6762 | D:5      | Noticed a wraith
  6774 | D:5      | Killed a wraith
  7377 | D:5      | Reached * piety under Ashenzari
  7725 | D:6      | Noticed Menkaure
  7727 | D:6      | Killed Menkaure
  7808 | D:6      | Found a transporter.
  7857 | D:6      | Reached skill level 7 in Spellcasting
  7857 | D:6      | Reached XP level 9. HP: 47/66 MP: 0/0
  7857 | D:6      | Learned a level 3 spell: Teleport Other
  8053 | D:6      | Found Dyqilol's Assorted Antiques.
  8481 | D:6      | Found a transporter.
  8745 | D:6      | Found a runed translucent gate.
  8746 | D:6      | Found a runed translucent gate.
  8746 | D:6      | Noticed mhtbhm's ghost (novice DrCA)
  8747 | D:6      | Found a runed translucent gate.
  8765 | D:6      | Noticed a kobold demonologist
  9160 | D:7      | Reached skill level 8 in Spellcasting
  9766 | D:7      | Noticed a cyclops
  9773 | D:7      | Killed a cyclops
  9774 | D:7      | Reached XP level 10. HP: 46/75 MP: 0/0
 10012 | D:7      | Noticed a seven-headed hydra
 10037 | D:7      | Noticed an unseen horror
 10329 | D:7      | Slain by a seven-headed hydra

Illustrated notes

Levels and vault maps discovered:
D:1:      minmay_arrival_split_and_join, layout_loops_ring
D:2:      layout_basic, uniq_natasha
D:3:      layout_basic, uniq_grinder
D:4:      layout_basic, mainiacjoe_overflow_surrounded_room,
          minmay_temple_entry_mist, st_stairs_8, kennysheep_boxes
D:5:      layout_basic, grunt_ministairs_10, minmay_misc_feat_enclosed
D:6:      gammafunk_cloud_chamber, layout_cave_pods,
          gammafunk_ghost_nasty_kobolds, serial_shops, shop, uniq_menkaure
D:7:      minmay_the_grid_triangle_9x9_rhombus_thin
          [minmay_the_grid_triangle_9x9_empty,
          minmay_the_grid_triangle_9x9_prize_insulated,
          minmay_the_grid_triangle_9x9_intruding_spiral,
          minmay_the_grid_triangle_9x9_shrine], layout_loops_cross,
          ebering_ghost_reflecting_pool, serial_glass, glass_columns_a,
          glass_columns_c, feat_on_display, feat_on_display,
          due_unseen_surprise, feat_on_display
Temple:   nicolae_temple_the_god_donut

Skill      XL: |  1  2  3  4  5  6  7  8  9 |
---------------+----------------------------+-----
Fighting       | 1 2 3 4 5 7 |  7.7
Spellcasting   | 3 4 5 7 8 |  8.9
Dodging        | |  2.1
Stealth        | |  1.5

Action                   |  1- 3 |  4- 6 |  7- 9 | 10-12 || total
-------------------------+-------+-------+-------+-------++-------
Melee: Unarmed           |       |     3 |       |       ||     3
 Cast: Shock             |    67 |    46 |    15 |       ||   128
       Static Discharge  |       |    29 |     1 |       ||    30
       Airstrike         |       |       |   101 |    10 ||   111
Invok: Curse Item        |       |       |     2 |       ||     2
  Use: Scroll            |       |       |       |     2 ||     2
Armor: Robe              |     4 |     6 |     4 |     1 ||    15
Dodge: Dodged            |     6 |    14 |    15 |     3 ||    38

Table legend: (Time is in decaauts)
 A = Elapsed time spent in this place.
 B = Non-inter-level travel time spent in this place.
 C = Inter-level travel time spent in this place.
 D = Time resting spent in this place.
 E = Time spent auto-exploring this place.
 F = Levels seen in this place.
 G = Mean time per level.
                   A        B        C        D        E       F      G
               +--------+--------+--------+--------+--------+-----+--------+
         Total |  10327 |  10162 |    165 |    349 |   8982 |   8 | 1290.9 |
       Dungeon |   9826 |   9682 |    144 |    349 |   8519 |   7 | 1403.7 |
        Temple |    500 |    479 |     21 |      0 |    463 |   1 |  500.0 |
               +--------+--------+--------+--------+--------+-----+--------+

Top non-repeatable levels by time:
     D:5: 1693 daAuts
     D:4: 1589 daAuts
     D:3: 1490 daAuts
     D:6: 1475 daAuts
     D:1: 1296 daAuts
     D:7: 1174 daAuts
     D:2: 1106 daAuts
  Temple: 500 daAuts
